 Dungeon Crawl Stone Soup version 0.18.1-5-g4a78601 (webtiles) character file.

5901 Gargoyl the Protected (level 10, -1/77 HPs)
             Began as a Demonspawn Abyssal Knight on May 10, 2016.
             Was a High Priest of Lugonu.
             Slain by a hill giant
             ... wielding a +0 giant club
              (19 damage)
             ... on level 10 of the Dungeon.
             The game lasted 00:29:41 (12177 turns).

Gargoyl the Protected (Demonspawn Abyssal Knight)  Turns: 12177, Time: 00:29:41

Health: -1/77      AC: 20    Str: 21    XL:     10   Next: 53%
Magic:  12/12      EV: 11    Int: 14    God:    Lugonu [*****.]
Gold:   581        SH:  0    Dex: 12    Spells: 0 memorised, 9 levels left

rFire  + + .     SeeInvis +     H - +2 battleaxe (flame)
rCold  . . .     Gourm    .     f - +0 plate armour
rNeg   . . .     Faith    .     (shield currently unavailable)
rPois  .         Spirit   .     r - +1 helmet {SInv}
rElec  .         Dismiss  .     (no cloak)
rCorr  .         Reflect  .     (gloves unavailable)
SustAt .         Harm     .     d - +2 pair of boots
MR     .....                    e - amulet of Gieraplo {rF++ Regen+}
Stlth  ..........               N - +4 ring of evasion
                                z - ring of stealth

@: mighty, not resistant to hostile enchantments, extremely unstealthy
A: claws 3, demonic guardian 1, powered by pain 1
a: Depart the Abyss, Bend Space, Banish, Corrupt, Enter the Abyss, Renounce
Religion


You were on level 10 of the Dungeon.
You worshipped Lugonu.
Lugonu was extremely pleased with you.
You were not hungry.

You visited 1 branch of the dungeon, and saw 10 of its levels.
You visited the Abyss 1 time.
You also visited: Sewer and Ossuary.

You collected 581 gold pieces.

Inventory:

Hand Weapons
 b - a +0 spear
 D - a +1 war axe of freezing
 H - a +2 battleaxe of flaming (weapon)
Missiles
 E - 8 tomahawks (quivered)
Armour
 d - a +2 pair of boots (worn)
 f - a +0 plate armour (worn)
 r - a +1 helmet of see invisible (worn)
Jewellery
 e - the amulet of Gieraplo (around neck) {rF++ Regen+}
   (You found it on level 5 of the Dungeon)

   [amulet of regeneration]

   It greatly protects you from fire.
   It increases your rate of regeneration.
 z - a ring of stealth (left claw)
 N - a +4 ring of evasion (right claw)
 P - an uncursed ring of see invisible {unknown}
Wands
 h - a wand of iceblast (12/15)
 n - a wand of slowing (21/48)
 y - a wand of paralysis (5/24)
 G - a wand of lightning (3/15)
 I - a wand of acid (5/15)
 L - a wand of random effects (16/48)
Scrolls
 i - a scroll of amnesia
 j - 2 scrolls of fog
 p - 3 scrolls of fear
 s - 4 scrolls of teleportation
 t - 3 scrolls of magic mapping
 v - 6 scrolls of remove curse
 x - 3 scrolls of recharging
 J - 2 scrolls of identify
 K - a scroll of blinking
Potions
 a - 2 potions of flight
 g - a potion of degeneration
 k - a potion of invisibility
 l - 5 potions of might
 m - a potion of ambrosia {unknown}
 o - 3 potions of brilliance
 q - 2 potions of mutation {unknown}
 B - 2 potions of berserk rage {unknown}
 C - 6 potions of curing
Books
 M - the Volume of Calling
   (You found it on level 9 of the Dungeon)

   Spells                             Type                      Level
   a - Call Imp                       Summoning                    2
   b - Recall                         Summoning/Translocation      3
   c - Summon Forest                  Summoning/Translocation      5
   d - Summon Demon                   Summoning                    5
 O - the Grimoire of the Lethal Voyage
   (You found it on level 8 of the Dungeon)

   Spells                             Type                      Level
   a - Throw Frost                    Conjuration/Ice              2
   b - Teleport Other                 Translocation                3
   c - Iskenderun's Mystic Blast      Conjuration                  4
   d - Irradiate                      Conjuration/Transmutation    5
   e - Bolt of Cold                   Conjuration/Ice              6
Comestibles
 c - 7 bread rations
 u - 3 fruits
 w - 9 meat rations
 A - 6 beef jerkies
 Q - 5 chunks of flesh


   Skills:
 + Level 6.6 Fighting
 + Level 7.0 Axes
 + Level 1.5 Throwing
 * Level 9.9 Armour
 + Level 2.4 Dodging
 + Level 1.0 Stealth
   Level 5.3 Shields
 + Level 2.9 Invocations


You had 9 spell levels left.
You didn't know any spells.

Dungeon Overview and Level Annotations

Branches:
Dungeon (10/15)            Temple (0/1) D:6
   Lair: D:8-11         Orc: D:9-12

Altars:
Ashenzari
Cheibriados
Dithmenos
Gozag
Kikubaaqudgha
Makhleb
Okawaru
Pakellas
Ru
Sif Muna
Vehumet
Yredelemnul
Zin

Shops:
D:5 :(


Innate Abilities, Weirdness & Mutations

You have claws for hands.
A weak demonic guardian rushes to your aid.
You sometimes gain a little power by taking damage.


Message History

Your crimson imp hits the hill giant.
The hill giant hits you with a giant club!!
* * * LOW HITPOINT WARNING * * *
You focus on the pain.
You feel very mighty all of a sudden.
You slash the hill giant! You burn the hill giant.
The hill giant is heavily wounded.
Your crimson imp hits the hill giant.
The hill giant closely misses your crimson imp.
You catch the helpless hill giant momentarily off-guard.
You slash the hill giant! You burn the hill giant.
The hill giant is severely wounded.
Your crimson imp hits the hill giant.
The hill giant hits you with a giant club!
* * * LOW HITPOINT WARNING * * *
Your crimson imp barely misses the hill giant.
You barely miss the hill giant.
The hill giant is severely wounded.
The hill giant hits you with a giant club!!
You die...

....
(....
...#(...#
#......(#
#.......#
#.......#
#.......#
##5..#
#C...#
#@...#
####.#
... .....
....#
....#
..##


You could see a hill giant and a friendly crimson imp.

Vanquished Creatures
  Erica (D:9)
  Pikel (D:5)
  Sigmund (D:4)
  2 orc warriors
  2 sky beasts (D:9)
  A black bear (D:7)
  4 hounds
  2 ice beasts (D:9)
  A phantom (D:7)
  5 ogres
  A slave (D:5)
  2 necrophages
  A centaur (D:8)
  A big kobold (D:8)
  Blork the orc (D:4)
  2 giant frogs
  3 scorpions
  A water moccasin skeleton (D:6)
  4 killer bees (D:8)
  5 wights (D:7)
  2 howler monkeys
  6 crimson imps
  5 bog bodies (Ossuary)
  3 jellies
  A giant frog skeleton (D:9)
  A gnoll shaman (D:5)
  4 orc priests
  4 orc wizards
  A centaur skeleton (D:7)
  An iron imp (D:6)
  An iguana (D:7)
  Natasha (D:4)
  9 worker ants
  A killer bee zombie (Ossuary)
  3 hound zombies
  13 mummies (Ossuary)
  2 worker ant zombies (Ossuary)
  8 adders
  7 gnolls
  3 shadow imps
  4 oozes
  An adder skeleton (D:8)
  6 adder zombies (Ossuary)
  13 worms
  4 dart slugs
  4 giant geckos
  23 orcs
  13 bats
  6 giant cockroaches
  6 goblins
  4 hobgoblins
  8 jackals
  14 kobolds
  5 quokkas
  4 ball pythons
  8 giant newts
  2 jackal zombies
  A quokka zombie (Ossuary)
  7 rats
250 creatures vanquished.

Vanquished Creatures (collateral kills)
  Prince Ribbit (D:7)
  An orc warrior (D:6)
  2 centaurs
  2 giant frogs (D:8)
  A gnoll sergeant (D:5)
  A scorpion (D:7)
  A killer bee (D:8)
  2 bog bodies (Ossuary)
  An orc priest (D:5)
  A hound (D:3)
  2 worker ants
  2 gnolls (D:7)
  A giant gecko (D:4)
  A giant cockroach (D:8)
  A rat (D:4)
20 creatures vanquished.

Vanquished Creatures (others)
  2 slaves (D:5)
2 creatures vanquished.

Grand Total: 272 creatures vanquished

Notes
Turn   | Place    | Note
--------------------------------------------------------------
     0 | Abyss:1  | Gargoyl the Demonspawn Abyssal Knight began the quest for the Orb.
     0 | Abyss:1  | Reached XP level 1. HP: 18/18 MP: 2/2
    13 | Abyss:1  | Noticed a thrashing horror
   193 | Abyss:2  | Noticed a thrashing horror
   197 | D:1      | Escaped the Abyss
   375 | D:1      | Reached * piety under Lugonu
   375 | D:1      | Gained mutation: You have sharp fingernails. [demonic ancestry]
   375 | D:1      | Reached XP level 2. HP: 23/24 MP: 3/3
   738 | D:2      | Found a basalt altar of Yredelemnul.
   756 | D:2      | Reached skill level 2 in Armour
   987 | D:2      | Reached XP level 3. HP: 26/29 MP: 5/5
  1738 | D:2      | Found an iron altar of Okawaru.
  2077 | D:3      | Gained mutation: A weak demonic guardian rushes to your aid. [demonic ancestry]
  2077 | D:3      | Reached XP level 4. HP: 32/37 MP: 6/6
  2287 | D:3      | Reached ** piety under Lugonu
  2309 | D:3      | Reached skill level 3 in Armour
  2543 | D:3      | Found a shadowy altar of Dithmenos.
  2543 | D:3      | Found a glowing silver altar of Zin.
  2883 | D:3      | Found an iron altar of Okawaru.
  3468 | D:4      | Reached XP level 5. HP: 38/42 MP: 7/7
  3499 | D:4      | Noticed Sigmund
  3517 | D:4      | Killed Sigmund
  3517 | D:4      | Reached skill level 4 in Armour
  3517 | D:4      | Reached skill level 1 in Dodging
  3517 | D:4      | Reached skill level 1 in Shields
  3517 | D:4      | Reached XP level 6. HP: 10/48 MP: 8/8
  3709 | D:4      | Found a glowing drain.
  3718 | Sewer    | Entered a sewer
  4035 | Sewer    | Reached *** piety under Lugonu
  5080 | D:4      | Reached skill level 5 in Armour
  5239 | D:4      | Noticed Blork the orc
  5261 | D:4      | Killed Blork the orc
  5261 | D:4      | Gained mutation: You sometimes gain a little power by taking damage. [demonic ancestry]
  5261 | D:4      | Reached XP level 7. HP: 40/54 MP: 9/9
  5364 | D:4      | Noticed Natasha
  5370 | D:4      | Killed Natasha
  5947 | D:5      | Entered Level 5 of the Dungeon
  5979 | D:5      | Found a radiant altar of Vehumet.
  6008 | D:5      | Found an opulent altar of Gozag.
  6722 | D:5      | Found Zauv's Weapon Emporium.
  6761 | D:5      | Gained mutation: You have very sharp fingernails. [demonic ancestry]
  6761 | D:5      | Reached XP level 8. HP: 51/61 MP: 10/10
  6765 | D:5      | Reached skill level 6 in Armour
  6811 | D:5      | Got a fine zirconium amulet
  6812 | D:5      | Identified the amulet of Gieraplo {rF++ Regen+} (You found it on level 5 of the Dungeon)
  6819 | D:5      | Found Rarghi's Book Boutique.
  6948 | D:5      | Reached **** piety under Lugonu
  7069 | D:5      | Noticed Pikel
  7090 | D:5      | Killed Pikel
  7474 | D:6      | Found a staircase to the Ecumenical Temple.
  7493 | D:6      | Reached skill level 5 in Fighting
  7493 | D:6      | Reached skill level 5 in Axes
  7572 | D:6      | Reached skill level 1 in Throwing
  7572 | D:6      | Reached skill level 7 in Armour
  7701 | D:6      | Found a snail-covered altar of Cheibriados.
  8111 | D:6      | Found a snail-covered altar of Cheibriados.
  8291 | D:7      | Reached XP level 9. HP: 68/68 MP: 11/11
  8370 | D:7      | Noticed Prince Ribbit
  8403 | D:7      | Killed Prince Ribbit
  8435 | D:7      | Found a sand-covered staircase.
  8442 | Ossuary  | Entered an ossuary
  8574 | Ossuary  | Reached ***** piety under Lugonu
  8707 | Ossuary  | HP: 3/68 [decayed bog body (9)]
  9392 | D:7      | Reached skill level 8 in Armour
  9451 | D:7      | Reached skill level 5 in Shields
  9623 | D:7      | Found a sacrificial altar of Ru.
 10247 | D:7      | Found a deep blue altar of Sif Muna.
 10615 | D:8      | Found an oddly glowing altar of Pakellas.
 10683 | D:8      | Found a shattered altar of Ashenzari.
 10788 | D:8      | Gained mutation: You have claws for hands. [demonic ancestry]
 10788 | D:8      | Reached XP level 10. HP: 67/76 MP: 12/12
 10801 | D:8      | Reached skill level 9 in Armour
 11020 | D:8      | Found a burning altar of Makhleb.
 11148 | D:8      | Identified the Grimoire of the Lethal Voyage
 11360 | D:9      | Identified the Volume of Calling
 11599 | D:9      | Gained mutation: Scrolls take you a little longer to read. [mutagenic meat]
 11600 | D:9      | Gained mutation: Your magical capacity is low (-10% MP). [mutagenic meat]
 11601 | D:9      | Gained mutation: You have large cloven feet. [mutagenic meat]
 11602 | D:9      | Lost mutation: Scrolls take you a little longer to read. [potion of cure mutation]
 11602 | D:9      | Lost mutation: Your magical capacity is low (-10% MP). [potion of cure mutation]
 11602 | D:9      | Lost mutation: You have large cloven feet. [potion of cure mutation]
 11628 | D:9      | Found an ancient bone altar of Kikubaaqudgha.
 11680 | D:9      | Noticed Erica
 11689 | D:9      | Killed Erica
 11689 | D:9      | Reached skill level 1 in Stealth
 12157 | D:10     | Entered Level 10 of the Dungeon
 12160 | D:10     | Noticed a hill giant
 12177 | D:10     | Slain by a hill giant

Skill      XL: |  1  2  3  4  5  6  7  8  9 10 |
---------------+-------------------------------+-----
Armour         | 2 3 4 5 7 8 9 |  9.9
Axes           | 2 3 5 6 7 |  7.0
Dodging        | 1 2 |  2.4
Shields        | 1 2 3 4 5 |  5.3
Fighting       | 4 5 6 |  6.6
Throwing       | 1 |  1.5
Stealth        | 1 |  1.0
Invocations    | |  2.9

Action                   |  1- 3 |  4- 6 |  7- 9 | 10-12 || total
-------------------------+-------+-------+-------+-------++-------
Melee: Hand axe          |   164 |   319 |    12 |       ||   495
       War axe           |       |       |   543 |       ||   543
       Battleaxe         |       |       |    58 |   152 ||   210
Throw: Tomahawk          |       |       |    10 |     2 ||    12
Invok: Depart the Abyss  |     1 |       |       |       ||     1
  Use: Potion            |       |     5 |     8 |     1 ||    14
       Scroll            |       |     4 |    21 |     3 ||    28
 Stab: Distracted        |       |       |     3 |     1 ||     4
  Eat: Chunk             |     3 |    12 |    15 |     7 ||    37
       Beef jerky        |       |       |     2 |       ||     2
       Royal jelly       |       |       |     1 |       ||     1
Armor: Plate armour      |   135 |   299 |   544 |   121 ||  1099
Dodge: Dodged            |    13 |    28 |   141 |    80 ||   262
Block: Shield            |    26 |   176 |   300 |       ||   502
